 Dungeon Crawl Stone Soup version 0.28.0 (webtiles) character file.

Game seed: 7731089019421683813

109 Prodoman the Magician (level 4, -1/33 HPs)
             Began as a Demonspawn Hedge Wizard on Feb 4, 2022.
             Succumbed to an adder's poison
             ... on level 2 of the Dungeon on Feb 5, 2022.
             The game lasted 00:07:05 (3610 turns).

Prodoman the Magician (Demonspawn Hedge Wizard)     Turns: 3610, Time: 00:07:05

Health: -1/33      AC:  2    Str:  8 (11) XL:     4   Next: 59%
Magic:  6/9        EV: 12    Int: 15 (17) God:
Gold:   83         SH:  4    Dex: 11 (12) Spells: 3/10 levels left

rFire   . . .      SeeInvis .   a - +0 dagger
rCold   . . .      Faith    .   (no shield)
rNeg    . . .      Spirit   .   b - +0 robe
rPois   .          Reflect  .   c - +0 hat
rElec   .          Harm     .   (no cloak)
rCorr   .          Rampage  .   (no gloves)
Will    .....                   (no boots)
Stlth   ++........              (no amulet)
HPRegen 0.11/turn               (no ring)
MPRegen 0.11/turn               (no ring)

@: lethally poisoned (-1 -> -7)
A: claws 1, large bone plates 1, powered by pain 1
a: no special abilities


You were on level 2 of the Dungeon.
You visited 1 branch of the dungeon, and saw 2 of its levels.

You collected 83 gold pieces.

Inventory:

Hand Weapons
 a - a +0 dagger (weapon)
Armour
 b - a +0 robe (worn)
 c - a +0 hat (worn)
Scrolls
 e - a scroll of blinking {unknown}
 g - a scroll of enchant armour {unknown}
 h - a scroll of fear {unknown}
 i - 2 scrolls of identify {unknown}
Potions
 f - a potion of lignification {unknown}
 j - a potion of curing {unknown}
 k - a potion of resistance {unknown}


   Skills:
 + Level 1.8 Fighting
 + Level 2.7 Dodging
 - Level 1.8 Stealth
 + Level 3.5 Spellcasting
 + Level 2.2 Conjurations
 - Level 1.0 Summonings
 - Level 1.0 Translocations


You had 3 spell levels left.
You knew the following spells:

 Your Spells              Type           Power      Damage    Failure   Level
a - Magic Dart            Conj           36%        1d4       8%          1
b - Mephitic Cloud        Conj/Pois/Air  4%         N/A       38%         3
c - Tukima's Dance        Hex            2%         N/A       50%         3

Your spell library contained the following spells:

 Spells                   Type           Power      Damage    Failure   Level
 Freeze                   Ice            8%         1d3       19%         1
 Slow                     Hex            8%         N/A       19%         1
 Blink                    Tloc           10%        N/A       19%         2
 Call Imp                 Summ           5%         N/A       19%         2
 Conjure Flame            Conj/Fire      5%         6-21      36%         3
 Frozen Ramparts          Ice            4%         1d2       50%         3
 Hailstorm                Conj/Ice       5%         3d4       77%         4
 Passage of Golubria      Tloc           5%         N/A       77%         4
 Silence                  Hex/Air        1%         N/A       99%         5
 Yara's Violent Unravell  Hex/Tmut       1%         3d3       99%         5
 Lehudib's Crystal Spear  Conj/Erth      2%         10d2      100%        8


Dungeon Overview and Level Annotations

Branches:
Dungeon (2/15)

Altars:

Annotations:
D:2 1 runed translucent door, Crazy Yiuf


Innate Abilities, Weirdness & Mutations

You have sharp fingernails.
You are partially covered in large bone plates. (SH +4)
You sometimes gain a little power by taking damage.


Message History

You feel sick. The bat hits you. The adder closely misses you.
Casting: Magic Dart (safe; 7% risk of failure)
Confirm with . or Enter, or press ? or * to list all spells.
Aiming: Magic Dart (safe; 7% risk of failure)
Press: ? - help, Shift-Dir - straight line, f/p - bat
Aim: a bat (100% to hit)
The magic dart hits the bat but does no damage.
You feel sick. The adder bites you. The bat closely misses you.
The adder bites you.
You are more poisoned.
The adder poisons you!
You feel sick. The adder misses you.
You barely miss the adder.
The adder is moderately wounded.
You feel sick. The bat barely misses you. The adder bites you.
You hit the adder but do no damage.
The adder is moderately wounded.
You feel sick. You block the bat's attack. You block the adder's attack.
You closely miss the adder.
The adder is moderately wounded.
You feel sick. The bat hits you but does no damage. The adder bites you.
* * * LOW HITPOINT WARNING * * *
The adder bites you.
* * * LOW HITPOINT WARNING * * *
You hit the adder.
The adder is heavily wounded.
You feel sick.
The bat closely misses you. x2; The adder bites you.
* * * LOW HITPOINT WARNING * * *
You are lethally poisoned!
The adder poisons you!
You hit the adder.
The adder is almost dead.
* * * LOW HITPOINT WARNING * * *
You feel sick. The bat closely misses you. The adder bites you.
* * * LOW HITPOINT WARNING * * *
Unknown command.
It was a potion of degeneration.
There was something very wrong with that liquid.
You feel weakened.
You feel dopey.
You feel clumsy.
You die...

#####.#########.#
#. #.# #.#####. #.#
#.##.... #.#
#.##.### #.# #.##.#
#.# #.##.# #.#
#.##.#
####.#########.##.#
#...@.....<....##.#
#.#bS############.#
# #.## #.# #.. #.#
#.. #.# .... #.#
#..# #.### #...
########.... #.
............


You could see an adder and a bat.

Vanquished Creatures
  Jessica (D:2)
  3 adders (D:2)
  A worm (D:2)
  4 dart slugs
  2 ball pythons
  4 endoplasms
  2 giant cockroaches (D:1)
  7 goblins
  4 hobgoblins (D:1)
  5 quokkas
  3 bats
  3 frilled lizards
  2 kobolds (D:1)
  3 rats
44 creatures vanquished.

Notes
Turn   | Place    | Note
-------+----------+-------------------------------------------
     0 | D:1      | Prodoman the Demonspawn Hedge Wizard began the quest for
                  | the Orb.
     0 | D:1      | Reached XP level 1. HP: 13/13 MP: 4/4
   221 | D:1      | Reached skill level 1 in Translocations
   413 | D:1      | Gained mutation: You are partially covered in large bone
                  | plates. (SH +4) [demonic ancestry]
   413 | D:1      | Reached XP level 2. HP: 19/19 MP: 0/6
  1468 | D:1      | Gained mutation: You have sharp fingernails. [demonic
                  | ancestry]
  1468 | D:1      | Reached XP level 3. HP: 25/25 MP: 4/7
  1518 | D:1      | Reached skill level 1 in Fighting
  1725 | D:1      | Learned a level 3 spell: Mephitic Cloud
  2795 | D:2      | Gained mutation: You sometimes gain a little power by
                  | taking damage. [demonic ancestry]
  2795 | D:2      | Reached XP level 4. HP: 32/32 MP: 3/9
  2911 | D:2      | Noticed Jessica
  2934 | D:2      | Killed Jessica
  3154 | D:2      | Learned a level 3 spell: Tukima's Dance
  3289 | D:2      | Found a runed translucent door.
  3290 | D:2      | Noticed Crazy Yiuf
  3505 | D:2      | Found a faded altar of an unknown god.
  3609 | D:2      | HP: 1/33 [adder (2)]
  3610 | D:2      | Succumbed to an adder's poison

Illustrated notes

Levels and vault maps discovered:
D:1:      dpeg_arrival_tiny_b, layout_basic
D:2:      layout_loops_ring, hellmonk_ecumenical_altar_inner_sanctum,
          uniq_crazy_yiuf_cottage, uniq_jessica

Skill      XL: |  1  2  3 |
---------------+----------+-----
Translocations | 1 |  1.0
Dodging        | 2 |  2.7
Fighting       | 1 |  1.8
Conjurations   | 2 |  2.2
Stealth        | |  1.8
Spellcasting   | |  3.5
Summonings     | |  1.0

Action                   |  1- 3 |  4- 6 || total
-------------------------+-------+-------++-------
Melee: Dagger            |    11 |    12 ||    23
 Cast: Magic Dart        |   113 |    38 ||   151
  Use: Potion            |       |     1 ||     1
Armor: Robe              |     7 |     3 ||    10
Dodge: Dodged            |    19 |    16 ||    35
Block: Other             |     4 |     4 ||     8
